 Dungeon Crawl Stone Soup version 0.20-a0-969-g5a5da1e (webtiles) character file.

2811 HAWKINGL3623 the Shield-Bearer (level 9, -23/55 HPs)
             Began as a Gargoyle Fighter on Nov 20, 2017.
             Engulfed by a cloud of flame (24 damage)
             ... on level 7 of the Dungeon.
             The game lasted 00:54:03 (6460 turns).

HAWKINGL3623 the Shield-Bearer (Gargoyle Fighter)   Turns: 6460, Time: 00:54:06

Health: -23/55     AC: 14    Str: 25    XL:     9   Next: 72%
Magic:  9/10       EV:  9    Int:  8    God:
Gold:   386        SH: 11    Dex: 11    Spells: 8/8 levels left

rFire    . . .     SeeInvis .   a - +0 long sword
rCold    + . .     Gourm    .   c - +0 shield
rNeg     + . .     Faith    .   b - +0 scale mail
rPois    ∞         Spirit   .   m - +0 helmet
rElec    +         Reflect  .   (no cloak)
rCorr    .         Harm     .   (no gloves)
MR       .....                  (no boots)
Stlth    ..........             (no amulet)
Regen    0.2/turn               h - ring of protection from cold
MPRegen  0.2/turn               r - +3 ring of strength

@: no status effects
A: negative energy resistance 1, electricity resistance, unbreathing,
petrification resistance, rot immunity, AC +5
a: no special abilities


You were on level 7 of the Dungeon.
You were hungry.

You visited 1 branch of the dungeon, and saw 7 of its levels.

You collected 386 gold pieces.

Inventory:

Hand Weapons
 a - a +0 long sword (weapon)
 g - a +1 hunting sling
Missiles
 e - 204 stones
 k - 103 arrows
 l - 7 tomahawks (quivered)
Armour
 b - a +0 scale mail (worn)
 c - a +0 shield (worn)
 m - a +0 helmet (worn)
Jewellery
 h - a ring of protection from cold (left hand)
 r - a +3 ring of strength (right hand)
Wands
 d - a wand of random effects (25/48)
 j - a wand of confusion (19/48)
 n - a wand of acid (4/15)
 s - a wand of iceblast (12/15)
 v - a wand of lightning (9/15)
 w - a wand of paralysis (11/24)
Scrolls
 o - 2 scrolls of remove curse
 p - a scroll of amnesia
 t - 2 scrolls of immolation
 u - a scroll of identify
Comestibles
 f - 5 bread rations
 i - 5 meat rations
 q - 5 royal jellies
 x - a fruit


   Skills:
 + Level 6.2 Fighting
 + Level 6.3 Long Blades
 + Level 3.8 Slings
 + Level 0.8(2.5) Throwing
 + Level 6.6 Armour
 + Level 2.8 Dodging
 + Level 0.5 Stealth
 + Level 7.2 Shields
 + Level 1.4 Evocations


You had 8 spell levels left.
You didn't know any spells.

Dungeon Overview and Level Annotations

Branches:
Dungeon (7/15)
 Temple: D:4-7

Altars:
Trog

Shops:
D:4 *   D:7 (


Innate Abilities, Weirdness & Mutations

You are resistant to torment.
Your stone body is resilient. (AC +5)
You are immune to poison.
You resist negative energy. (rN+)
You are resistant to electric shocks. (rElec)
You can survive without breathing.
You are immune to petrification.
You are immune to rotting.


Message History

The hog is almost dead.
You block the hog's attack. The human hits you with a hand axe.
* * * LOW HITPOINT WARNING * * *
The hog bites you but does no damage. The hog barely misses you.
You riposte.
You barely miss the hog.
The hog is almost dead.
You block the bezotted hog's attack.
You slash the hog!
The hog explodes!
The fiery explosion engulfs the bezotted hog.
You kill the bezotted hog!
Your Fighting skill increases to level 6!
The fiery explosion engulfs the human.
The human is heavily wounded.
The fiery explosion engulfs you!
* * * LOW HITPOINT WARNING * * *
The fiery explosion engulfs the hog.
The hog is almost dead.
You are engulfed in blazing flames.
You die...

#.##).########...#####...#
#...).#.......†...........#
#.##......))).............#
#.##...∩).............#
......#######............
#.......# #...######...
#.......# #...# #
.....%..#######.#.##
.........§@h..###)#
........#§§p...#.##### (..
#§####.......# .
.#.####..###..# .........##
.#...#....#
#.#........######
#.#........#....
..........#$>.#


You could see a hog (inner flame) and a human (inner flame).

Vanquished Creatures
  The ghost of HAWKINGL3623 the Bolt Thrower, a novice DDHu (D:7)
  Grinder (D:5)
  3 hogs (D:7)
  2 orc warriors (D:7)
  2 ogres (D:5)
  3 bullfrogs
  A scorpion (D:7)
  2 howler monkeys
  A bullfrog zombie (D:5)
  2 crimson imps (D:5)
  2 orc wizards
  A bullfrog skeleton (D:5)
  A centaur zombie (D:5)
  An orc priest (D:3)
  7 hounds
  Ijyb (D:5)
  7 worker ants
  A hound zombie (D:7)
  4 gnolls
  A howler monkey skeleton (D:5)
  7 adders
  2 oozes
  An adder skeleton (D:4)
  3 worms (D:2)
  4 dart slugs
  A leopard gecko (D:5)
  20 orcs
  3 ball pythons
  7 giant cockroaches
  8 goblins
  7 hobgoblins
  8 kobolds
  2 quokkas
  3 bats
  7 frilled lizards
  A quokka skeleton (D:4)
  11 rats
139 creatures vanquished.

Notes
Turn   | Place    | Note
-------+----------+-------------------------------------------
     0 | D:1      | HAWKINGL3623 the Gargoyle Fighter began the quest for the Orb.
     0 | D:1      | Reached XP level 1. HP: 14/14 MP: 1/1
   159 | D:1      | Reached XP level 2. HP: 17/19 MP: 2/2
   389 | D:1      | Reached XP level 3. HP: 23/23 MP: 3/3
   928 | D:2      | Found a bloodstained altar of Trog.
  1100 | D:2      | Reached XP level 4. HP: 26/29 MP: 4/4
  2163 | D:3      | Reached skill level 1 in Slings
  2373 | D:3      | Reached XP level 5. HP: 33/33 MP: 5/5
  2550 | D:3      | Reached skill level 4 in Shields
  2890 | D:4      | Reached XP level 6. HP: 12/38 MP: 6/6
  3145 | D:4      | Reached skill level 1 in Dodging
  4016 | D:4      | Found Bead's General Store.
  4222 | D:5      | Entered Level 5 of the Dungeon
  4222 | D:5      | Noticed Ijyb
  4226 | D:5      | Killed Ijyb
  4226 | D:5      | Reached skill level 5 in Armour
  4226 | D:5      | Reached XP level 7. HP: 43/43 MP: 7/7
  4342 | D:4      | a bullfrog skeleton gained the power of zot (level 1).
  4342 | D:4      | a bullfrog zombie gained the power of zot (level 1).
  4342 | D:4      | a howler monkey gained the power of zot (level 1).
  4342 | D:4      | a giant cockroach gained the power of zot (level 1).
  4342 | D:4      | something gained the power of zot (level 1).
  4342 | D:4      | something gained the power of zot (level 1).
  4342 | D:4      | something gained the power of zot (level 1).
  4342 | D:4      | a crimson imp gained the power of zot (level 1).
  4522 | D:4      | Reached skill level 5 in Shields
  4546 | D:5      | Noticed Grinder
  4551 | D:5      | Paralysed by Grinder for 4 turns
  4581 | D:5      | Killed Grinder
  4581 | D:5      | Reached XP level 8. HP: 24/48 MP: 8/8
  5075 | D:6      | Reached skill level 5 in Fighting
  5079 | D:6      | Reached skill level 6 in Shields
  5708 | D:7      | Noticed HAWKINGL3623's ghost (novice DDHu)
  5748 | D:7      | Reached skill level 5 in Long Blades
  5754 | D:7      | Killed HAWKINGL3623's ghost
  5754 | D:7      | Reached XP level 9. HP: 12/54 MP: 9/9
  5770 | D:7      | Reached skill level 1 in Evocations
  5777 | D:6      | something gained the power of zot (level 1).
  6042 | D:7      | Found Norezuprupn's Weapon Emporium.
  6435 | D:7      | Reached skill level 7 in Shields
  6441 | D:7      | a hog gained the power of zot (level 1).
  6460 | D:7      | HP: 1/55 [hog/exploding inner flame[the player character] (13)]
  6460 | D:7      | Engulfed by a cloud of flame

Vault maps used:
D:1:      mainiacjoe_arrival_reflecting_pool
D:2:      minmay_wonky_spiral, old_standard_altar
D:4:      serial_shops, kennysheep_mini_moat
D:5:      first_bread, kennysheep_generic_room_8, uniq_iyjb, uniq_grinder
D:7:      minmay_temple_entry_from_below_a, serial_shops, shop, grunt_livestock,
          uniq_joseph

Skill      XL: |  1  2  3  4  5  6  7  8  9 |
---------------+----------------------------+-----
Long Blades    | 2 3 4 5 6 |  6.3
Armour         | 4 5 6 |  6.6
Slings         | 1 2 3 |  3.8
Fighting       | 4 5 6 |  6.2
Shields        | 4 5 6 7 |  7.2
Dodging        | 1 2 |  2.8
Evocations     | 1 |  1.4
Throwing       | |  0.8
Stealth        | |  0.5

Action                   |  1- 3 |  4- 6 |  7- 9 || total
-------------------------+-------+-------+-------++-------
Melee: Long sword        |   106 |   200 |   291 ||   597
       Hunting sling     |       |     1 |       ||     1
 Fire: Hunting sling     |     8 |    56 |    46 ||   110
Throw: Tomahawk          |       |     1 |     3 ||     4
       Stone             |       |       |     1 ||     1
Evoke: Wand              |       |     2 |    13 ||    15
  Use: Potion            |     2 |     3 |     6 ||    11
       Scroll            |     3 |     7 |     9 ||    19
  Eat: Chunk             |     1 |     8 |     4 ||    13
       Bread ration      |       |     1 |       ||     1
       Fruit             |       |       |     1 ||     1
Armor: Scale mail        |    52 |   126 |   239 ||   417
Dodge: Dodged            |    28 |    73 |   175 ||   276
Block: Shield            |    43 |   122 |   253 ||   418
       Rpst.: Long sword |    10 |    21 |    55 ||    86
